 Dungeon Crawl Stone Soup version 0.24.0-13-gcf9b319 (webtiles) character file.

Game seed: 17249193922142654972, levelgen mode: deterministic

403 Balder the Shield-Bearer (level 6, -7/53 HPs)
             Began as a Gnoll Fighter on Apr 4, 2020.
             Mangled by Menkaure (19 damage)
             ... on level 4 of the Dungeon.
             The game lasted 00:11:18 (2484 turns).

Balder the Shield-Bearer (Gnoll Fighter)            Turns: 2484, Time: 00:11:19

Health: -7/53      AC: 11    Str: 18    XL:     6   Next: 86%
Magic:  9/9        EV:  7    Int: 11    God:
Gold:   96         SH: 11    Dex: 16    Spells: 9/9 levels left

rFire    . . .     SeeInvis .   b - +2 whip (freeze)
rCold    . . .     Gourm    .   c - +0 shield
rNeg     . . .     Faith    .   l - +0 chain mail
rPois    .         Spirit   .   B - +0 helmet
rElec    .         Reflect  .   (no cloak)
rCorr    .         Harm     .   (no gloves)
MR       .....                  (no boots)
Stlth    ..........             (no amulet)
HPRegen  0.17/turn              h - ring of stealth
MPRegen  0.11/turn              (no ring)

@: no status effects
A: distributed training, fangs 1, strong nose
a: no special abilities


You were on level 4 of the Dungeon.
You were hungry.

You visited 1 branch of the dungeon, and saw 4 of its levels.
You also visited: Sewer.

You collected 96 gold pieces.

Inventory:

Hand Weapons
 a - a +0 flail
 b - a +2 whip of freezing (weapon)
 x - a +0 club of chaos
Missiles
 w - 2 boomerangs (quivered)
Armour
 c - a +0 shield (worn)
 l - a +0 chain mail (worn)
 B - a +0 helmet (worn)
Jewellery
 h - a ring of stealth (left hand)
 s - an uncursed ring of flight {unknown}
Wands
 z - a wand of random effects (4)
Scrolls
 g - a scroll of fear
 i - 2 scrolls of teleportation
 k - a scroll of enchant armour {unknown}
 m - 2 scrolls of remove curse {unknown}
 p - a scroll of fog {unknown}
 y - a scroll of blinking {unknown}
 A - 2 scrolls of identify {unknown}
Potions
 d - a potion of might
 e - 2 potions of heal wounds {unknown}
 j - 3 potions of flight {unknown}
 n - a potion of degeneration {unknown}
 q - a potion of ambrosia {unknown}
 r - a potion of lignification {unknown}
 t - 3 potions of agility {unknown}
 u - 2 potions of haste {unknown}
 v - 2 potions of invisibility {unknown}
 C - 2 potions of mutation {unknown}
Comestibles
 f - 2 rations


   Skills:
 + Level 6.9 Fighting
 + Level 2.1 Short Blades
 + Level 2.1 Long Blades
 + Level 2.1 Axes
 + Level 5.0 Maces & Flails
 + Level 2.1 Polearms
 + Level 2.1 Staves
 + Level 2.1 Slings
 + Level 2.1 Bows
 + Level 2.1 Crossbows
 + Level 2.1 Throwing
 + Level 6.9 Armour
 + Level 2.1 Dodging
 + Level 2.1 Stealth
 + Level 6.9 Shields
 + Level 2.1 Unarmed Combat
 + Level 2.1 Spellcasting
 + Level 1.6 Conjurations
 + Level 1.6 Hexes
 + Level 1.6 Charms
 + Level 1.6 Summonings
 + Level 1.6 Necromancy
 + Level 1.6 Translocations
 + Level 1.6 Transmutations
 + Level 1.6 Fire Magic
 + Level 1.6 Ice Magic
 + Level 1.6 Air Magic
 + Level 1.6 Earth Magic
 + Level 1.6 Poison Magic
 + Level 2.3 Invocations
 + Level 2.1 Evocations


You had 9 spell levels left.
You didn't know any spells.
Your spell library was empty.

Dungeon Overview and Level Annotations

Branches:
Dungeon (4/15)              Sewer (visited)
 Temple: D:4-7

Altars:
Elyvilon
Xom

Annotations:
D:4 Menkaure


Innate Abilities, Weirdness & Mutations

Your experience applies equally to all skills.
You have very sharp teeth.
Your uncanny sense of smell can sniff out nearby items.


Message History

Your body is wracked with pain!
You hit Menkaure but do no damage.
Menkaure is severely damaged.
Menkaure gestures at you while chanting.
Pain shoots through your body!
* * * LOW HITPOINT WARNING * * *
You hit Menkaure.
Menkaure is almost destroyed.
You block Menkaure's attack.
Your chain mail prevents you from hitting Menkaure.
Menkaure is almost destroyed.
You barely miss Menkaure.
Menkaure is almost destroyed.
Menkaure gestures wildly while chanting.
Menkaure seems to speed up.
You hit Menkaure.
Menkaure is almost destroyed.
Menkaure shouts, "You disturbed my rest!
Die!"
Menkaure hits you!!
You die...

##### #...#
##...####
##.......##
#.........#
#.@.....##
#M[##<...#
#......##......
##..... ......
#.#..... ∆.....
#.........
...(.
##.........
....
#....##...#####
.....


You could see Menkaure.

Vanquished Creatures
  Grinder (D:3)
  Purgy (Sewer)
  Robin (D:3)
  3 adders
  4 worms
  2 dart slugs
  A leopard gecko (D:2)
  2 orcs (D:2)
  3 ball pythons (D:3)
  A giant cockroach (Sewer)
  12 goblins
  12 hobgoblins
  8 jackals (D:1)
  6 kobolds
  A quokka (D:2)
  3 bats
  5 frilled lizards
  4 rats
70 creatures vanquished.

Vanquished Creatures (others)
  2 goblins (D:3)
  A quokka (D:3)
3 creatures vanquished.

Grand Total: 73 creatures vanquished

Notes
Turn   | Place    | Note
-------+----------+-------------------------------------------
     0 | D:1      | Balder the Gnoll Fighter began the quest for the Orb.
     0 | D:1      | Reached XP level 1. HP: 23/23 MP: 1/1
    19 | D:1      | Reached XP level 2. HP: 24/29 MP: 2/2
   509 | D:2      | Reached XP level 3. HP: 35/35 MP: 3/3
   576 | D:2      | Reached skill level 1 in Invocations
   896 | D:2      | Reached skill level 1 in Short Blades
   896 | D:2      | Reached skill level 1 in Long Blades
   896 | D:2      | Reached skill level 1 in Axes
   896 | D:2      | Reached skill level 1 in Polearms
   896 | D:2      | Reached skill level 1 in Staves
   896 | D:2      | Reached skill level 1 in Slings
   896 | D:2      | Reached skill level 1 in Bows
   896 | D:2      | Reached skill level 1 in Crossbows
   896 | D:2      | Reached skill level 1 in Throwing
   896 | D:2      | Reached skill level 1 in Dodging
   896 | D:2      | Reached skill level 1 in Stealth
   896 | D:2      | Reached skill level 1 in Unarmed Combat
   896 | D:2      | Reached skill level 1 in Spellcasting
   896 | D:2      | Reached skill level 1 in Evocations
   941 | D:2      | Reached XP level 4. HP: 40/41 MP: 5/5
  1137 | D:2      | Found a shimmering altar of Xom.
  1351 | D:3      | Noticed Grinder
  1351 | D:3      | Paralysed by Grinder for 4 turns
  1360 | D:3      | Paralysed by Grinder for 5 turns
  1389 | D:3      | Killed Grinder
  1389 | D:3      | Reached skill level 1 in Conjurations
  1389 | D:3      | Reached skill level 1 in Hexes
  1389 | D:3      | Reached skill level 1 in Charms
  1389 | D:3      | Reached skill level 1 in Summonings
  1389 | D:3      | Reached skill level 1 in Necromancy
  1389 | D:3      | Reached skill level 1 in Translocations
  1389 | D:3      | Reached skill level 1 in Transmutations
  1389 | D:3      | Reached skill level 1 in Fire Magic
  1389 | D:3      | Reached skill level 1 in Ice Magic
  1389 | D:3      | Reached skill level 1 in Air Magic
  1389 | D:3      | Reached skill level 1 in Earth Magic
  1389 | D:3      | Reached skill level 1 in Poison Magic
  1389 | D:3      | Reached XP level 5. HP: 10/47 MP: 5/7
  1389 | D:3      | Reached XP level 6. HP: 11/53 MP: 5/8
  1604 | D:3      | Found a glowing drain.
  1640 | Sewer    | Entered a sewer
  1827 | Sewer    | Noticed Purgy
  1842 | Sewer    | Killed Purgy
  1842 | Sewer    | Reached skill level 5 in Maces & Flails
  1927 | D:3      | Noticed Robin
  1930 | D:3      | Found a white marble altar of Elyvilon.
  1965 | D:3      | Killed Robin
  2470 | D:4      | Noticed Menkaure
  2484 | D:4      | Mangled by Menkaure

Levels and vault maps discovered:
D:1:      ncdulo_wetmaze, layout_rooms
D:2:      layout_basic, tgw_xom, minmay_liquid_box
D:3:      layout_loops_cross, portal_sewer_entry_b, hangedman_decor_riveting,
          elyvilon_altar_4, uniq_robin, uniq_grinder
D:4:      layout_cave_pools, lemuel_temple_firewalk_b,
          chequers_serial_rivers_micro_e, uniq_menkaure, uniq_blork_the_orc

Skill      XL: |  1  2  3  4  5  6 |
---------------+-------------------+-----
Invocations    | 1 2 |  2.3
Short Blades   | 1 2 |  2.1
Long Blades    | 1 2 |  2.1
Axes           | 1 2 |  2.1
Polearms       | 1 2 |  2.1
Staves         | 1 2 |  2.1
Slings         | 1 2 |  2.1
Bows           | 1 2 |  2.1
Crossbows      | 1 2 |  2.1
Throwing       | 1 2 |  2.1
Dodging        | 1 2 |  2.1
Stealth        | 1 2 |  2.1
Unarmed Combat | 1 2 |  2.1
Spellcasting   | 1 2 |  2.1
Evocations     | 1 2 |  2.1
Conjurations   | 1 |  1.6
Hexes          | 1 |  1.6
Charms         | 1 |  1.6
Summonings     | 1 |  1.6
Necromancy     | 1 |  1.6
Translocations | 1 |  1.6
Transmutations | 1 |  1.6
Fire Magic     | 1 |  1.6
Ice Magic      | 1 |  1.6
Air Magic      | 1 |  1.6
Earth Magic    | 1 |  1.6
Poison Magic   | 1 |  1.6
Maces & Flails | 5 |  5.0
Fighting       | |  6.9
Armour         | |  6.9
Shields        | |  6.9

Action                   |  1- 3 |  4- 6 || total
-------------------------+-------+-------++-------
Melee: Flail             |   121 |    62 ||   183
       Bite              |     8 |    21 ||    29
       Club              |       |    14 ||    14
       Whip              |       |    72 ||    72
Throw: Boomerang         |       |     1 ||     1
  Use: Scroll            |       |     2 ||     2
 Stab: Petrifying        |       |     3 ||     3
       Paralysed         |       |     3 ||     3
       Petrified         |       |     1 ||     1
  Eat: Chunk             |       |     5 ||     5
Armor: Scale mail        |    19 |       ||    19
       Chain mail        |    17 |    49 ||    66
Dodge: Dodged            |    27 |    25 ||    52
Block: Shield            |    63 |    73 ||   136
